| TOP OF THE 1ST |
|
Peninsula Panthers batting - Pitching for Rocky Mount Leafs : RHP Jon Perlman
|
|
Pitching: RHP Jon Perlman
|
|
|
Batting: SHB Vince Coleman
|
0-0: Called Strike 0-1: SINGLE (Line Drive, 89S, EV 91.9 MPH)
|
|
Batting: SHB Romel Beck
|
0-0: Ball 1-0: Ball Vince Coleman steals 2nd base 2-0: Foul Ball, location: 2F 2-1: Ball 3-1: DOUBLE (Flyball, 89D, EV 86.9 MPH) Vince Coleman scores
|
|
Batting: RHB David Stokes
|
0-0: Fly out, F8 (Flyball, 8RM, EV 73.8 MPH)
|
|
Batting: LHB Ted French
|
0-0: Fly out, F8 (Flyball, 78D, EV 89.4 MPH)
|
|
Batting: SHB Steven Malito
|
0-0: Foul Ball, location: 2F 0-1: Ball 1-1: Ball 2-1: Foul Ball, location: 2F 2-2: Foul Ball, location: 2F 2-2: Foul Ball, location: 2F 2-2: Foul Ball, location: 2F 2-2: Ball 3-2: Fly out, F6 (Popup, 4MD, EV 63.8 MPH)
|
| Top of the 1st over - 1 run, 2 hits, 0 errors, 1 left on base; Peninsula 1 - Rocky Mount 0 |
| BOTTOM OF THE 1ST |
|
Rocky Mount Leafs batting - Pitching for Peninsula Panthers : RHP Jed Murray
|
|
Pitching: RHP Jed Murray
|
|
|
Batting: LHB Oscar Ramirez
|
0-0: Ball 1-0: Called Strike 1-1: Foul Ball, location: 2F 1-2: Foul Ball, location: 2F 1-2: Ball 2-2: Foul Ball, location: 2F 2-2: Foul Ball, location: 2F 2-2: Ball 3-2: Foul Ball, location: 2F 3-2: Ground out 1-3 (Groundball, 23, EV 69.4 MPH)
|
|
Batting: RHB Alex Sanchez
|
0-0: Called Strike 0-1: Fly out, F7 (Flyball, 7LS, EV 79.4 MPH)
|
|
Batting: LHB Larry Ray
|
0-0: Ball 1-0: Foul Ball, location: 2F 1-1: Ball 2-1: Ball 3-1: Ground out 5-3 (Groundball, 56, EV 89.4 MPH)
|
| Bottom of the 1st over - 0 runs, 0 hits, 0 errors, 0 left on base; Peninsula 1 - Rocky Mount 0 |
| TOP OF THE 2ND |
|
Peninsula Panthers batting - Pitching for Rocky Mount Leafs : RHP Jon Perlman
|
|
Batting: RHB Dan Cox
|
0-0: Ball 1-0: Swinging Strike 1-1: Foul Ball, location: 2F 1-2: Fly out, F9 (Flyball, 9D, EV 84.4 MPH)
|
|
Batting: RHB Lawrence McGee
|
0-0: Ball 1-0: SINGLE (Line Drive, 9S, EV 112.5 MPH)
|
|
Batting: RHB Franklin McKinney
|
0-0: Called Strike 0-1: Ball 1-1: Fly out, F8 (Flyball, 8RD, EV 87.5 MPH)
|
|
Batting: RHB David Stevens
|
0-0: Foul Ball, location: 2F 0-1: Ball 1-1: Ball 2-1: Called Strike Lawrence McGee steals 2nd base (no throw) 2-2: Foul Ball, location: 2F 2-2: Foul Ball, location: 2F 2-2: Strikes out swinging
|
| Top of the 2nd over - 0 runs, 1 hit, 0 errors, 1 left on base; Peninsula 1 - Rocky Mount 0 |
| BOTTOM OF THE 2ND |
|
Rocky Mount Leafs batting - Pitching for Peninsula Panthers : RHP Jed Murray
|
|
Batting: RHB Joseph Scherger
|
0-0: Called Strike 0-1: Ball 1-1: Ball 2-1: Foul Ball, location: 2F 2-2: Fly out, F4 (Flyball, 34D, EV 94.4 MPH)
|
|
Batting: RHB Glen Bockhorn
|
0-0: Called Strike 0-1: Ball 1-1: Ball 2-1: DOUBLE (Line Drive, 5D, EV 97.5 MPH)
|
|
Batting: RHB Sergio Loya
|
0-0: Ground out 4-3 (Groundball, 4, EV 88.8 MPH) Glen Bockhorn to third
|
|
Batting: RHB Ricardo Villasenor
|
0-0: Fly out, F9 (Line Drive, 9, EV 91.3 MPH)
|
| Bottom of the 2nd over - 0 runs, 1 hit, 0 errors, 1 left on base; Peninsula 1 - Rocky Mount 0 |
| TOP OF THE 3RD |
|
Peninsula Panthers batting - Pitching for Rocky Mount Leafs : RHP Jon Perlman
|
|
Batting: SHB Vince Coleman
|
0-0: Called Strike 0-1: Called Strike 0-2: Foul Ball, location: 2F 0-2: Ball 1-2: Fly out, F8 (Flyball, 8RD, EV 90.6 MPH)
|
|
Batting: SHB Romel Beck
|
0-0: Ball 1-0: SINGLE (Flyball, 7S, EV 86.9 MPH) - OUT at second base trying to stretch hit.
|
|
Batting: RHB David Stokes
|
0-0: Called Strike 0-1: Swinging Strike 0-2: Fly out, F7 (Flyball, 7, EV 86.9 MPH)
|
| Top of the 3rd over - 0 runs, 1 hit, 0 errors, 0 left on base; Peninsula 1 - Rocky Mount 0 |
| BOTTOM OF THE 3RD |
|
Rocky Mount Leafs batting - Pitching for Peninsula Panthers : RHP Jed Murray
|
|
Batting: RHB Todd Cruz
|
0-0: Foul Ball, location: 2F 0-1: Ball 1-1: Bunt for hit to 3S - play at first, batter safe!
|
|
Batting: RHB Emmanuel Sanchez
|
0-0: Ball 1-0: Ball 2-0: Foul Ball, location: 2F 2-1: SINGLE (Line Drive, 78M, EV 95.6 MPH) Todd Cruz to second
|
|
Batting: LHB Oscar Ramirez
|
0-0: Swinging Strike 0-1: Ball 1-1: Ball 2-1: Foul Ball, location: 2F 2-2: SINGLE (Groundball, 34D, EV 107.5 MPH) Todd Cruz to third Emmanuel Sanchez to second
|
|
Batting: RHB Alex Sanchez
|
0-0: Called Strike 0-1: Fly out, F7 (Flyball, 7, EV 93.8 MPH) Throwing error, E7 Todd Cruz scores Emmanuel Sanchez to third Oscar Ramirez to second
|
|
Batting: LHB Larry Ray
|
0-0: Ball 1-0: Ball 2-0: Called Strike 2-1: Ball 3-1: Foul Ball, location: 2F 3-2: Ground out 4-3 (Groundball, 4, EV 80.0 MPH) Emmanuel Sanchez scores Oscar Ramirez to third
|
|
Batting: RHB Joseph Scherger
|
0-0: Called Strike 0-1: Ball 1-1: Foul Ball, location: 2F 1-2: Fly out, F6 (Line Drive, 6, EV 70.6 MPH)
|
| Bottom of the 3rd over - 2 runs, 3 hits, 1 error, 1 left on base; Peninsula 1 - Rocky Mount 2 |
| TOP OF THE 4TH |
|
Peninsula Panthers batting - Pitching for Rocky Mount Leafs : RHP Jon Perlman
|
|
Batting: LHB Ted French
|
0-0: Called Strike 0-1: Swinging Strike 0-2: Ball 1-2: Strikes out swinging
|
|
Batting: SHB Steven Malito
|
0-0: Ball 1-0: Ball 2-0: Ball 3-0: Base on Balls
|
|
Batting: RHB Dan Cox
|
0-0: Ground out 5-3 (Groundball, 5S, EV 60.0 MPH) Steven Malito to second
|
|
Batting: RHB Lawrence McGee
|
0-0: SINGLE (Line Drive, 4MD, EV 95.0 MPH) Steven Malito to third Runner from 3rd tries for Home, throw by CF and OUT! 8-2
|
| Top of the 4th over - 0 runs, 1 hit, 0 errors, 1 left on base; Peninsula 1 - Rocky Mount 2 |
| BOTTOM OF THE 4TH |
|
Rocky Mount Leafs batting - Pitching for Peninsula Panthers : RHP Jed Murray
|
|
Batting: RHB Glen Bockhorn
|
0-0: Called Strike 0-1: Ball 1-1: Ground out 6-3 (Groundball, 6, EV 101.3 MPH)
|
|
Batting: RHB Sergio Loya
|
0-0: Called Strike 0-1: Ball 1-1: Foul Ball, location: 2F 1-2: Ball 2-2: DOUBLE (Line Drive, 78M, EV 97.5 MPH)
|
|
Batting: RHB Ricardo Villasenor
|
0-0: Ball 1-0: Called Strike 1-1: SINGLE (Line Drive, 8LS, EV 106.9 MPH) Sergio Loya to third Runner from 3rd tries for Home, SAFE, throw by CF to home
|
|
Batting: RHB Todd Cruz
|
0-0: Called Strike 0-1: Ball 1-1: Ball 2-1: Foul Ball, location: 2F 2-2: Foul Ball, location: 2F 2-2: Foul Ball, location: 2F 2-2: DOUBLE (Line Drive, 78D, EV 114.4 MPH) Ricardo Villasenor to third Ricardo Villasenor scores
|
|
Batting: RHB Emmanuel Sanchez
|
0-0: Foul Ball, location: 2F 0-1: Foul Ball, location: 2F 0-2: Foul Ball, location: 2F 0-2: Ball 1-2: Foul Ball, location: 2F 1-2: Ball 2-2: DOUBLE (Line Drive, 3D, EV 106.9 MPH) Todd Cruz scores
|
|
Batting: LHB Oscar Ramirez
|
0-0: Foul Ball, location: 2F 0-1: Ball 1-1: Ball 2-1: Swinging Strike 2-2: Ball 3-2: Fly out, F8 (Flyball, 8RS, EV 90.0 MPH)
|
|
Batting: RHB Alex Sanchez
|
0-0: Ball 1-0: Ball 2-0: Ball 3-0: Called Strike 3-1: Swinging Strike 3-2: Foul Ball, location: 2F 3-2: Foul Ball, location: 2F 3-2: Foul Ball, location: 2F 3-2: Fly out, F7 (Flyball, 7S, EV 80.0 MPH)
|
| Bottom of the 4th over - 3 runs, 4 hits, 0 errors, 1 left on base; Peninsula 1 - Rocky Mount 5 |
| TOP OF THE 5TH |
|
Peninsula Panthers batting - Pitching for Rocky Mount Leafs : RHP Jon Perlman
|
|
Batting: RHB Franklin McKinney
|
0-0: Ball 1-0: Ball 2-0: Ball 3-0: Called Strike 3-1: Foul Ball, location: 2F 3-2: Base on Balls
|
|
Batting: RHB David Stevens
|
0-0: Ball 1-0: Foul Ball, location: 2F 1-1: SINGLE (Groundball, 4MD, EV 98.8 MPH) Franklin McKinney to second Runner from 2nd tries for 3rd, SAFE, no throw by CF
|
|
Batting: SHB Vince Coleman
|
0-0: Swinging Strike 0-1: Called Strike 0-2: Ball 1-2: Ball 2-2: Fly out, F8 (Flyball, 89XD, EV 91.9 MPH) Runner from 3rd tags up, SCORES, no throw by CF
|
|
Batting: SHB Romel Beck
|
0-0: Ball 1-0: DOUBLE (Line Drive, 7LM, EV 103.8 MPH) David Stevens to third Runner from 3rd tries for Home, SAFE, no throw by LF
|
|
Batting: RHB David Stokes
|
0-0: Swinging Strike 0-1: Foul Ball, location: 2F 0-2: Ball 1-2: Ball 2-2: Foul Ball, location: 2F 2-2: Ground out U3 (Groundball, 3S, EV 89.4 MPH) Romel Beck to third
|
|
Batting: LHB Ted French
|
0-0: Ball 1-0: Ball 2-0: Called Strike 2-1: Ground out 6-3 (Groundball, 6, EV 85.6 MPH)
|
| Top of the 5th over - 2 runs, 2 hits, 0 errors, 1 left on base; Peninsula 3 - Rocky Mount 5 |
| BOTTOM OF THE 5TH |
|
Rocky Mount Leafs batting - Pitching for Peninsula Panthers : RHP Jed Murray
|
|
Batting: LHB Larry Ray
|
0-0: Ball 1-0: Foul Ball, location: 2F 1-1: Ball 2-1: Ball 3-1: Called Strike 3-2: Fly out, F8 (Flyball, 78D, EV 91.9 MPH)
|
|
Batting: RHB Joseph Scherger
|
0-0: Foul Ball, location: 2F 0-1: Foul Ball, location: 2F 0-2: TRIPLE (Line Drive, 78XD, EV 108.8 MPH)
|
|
Batting: RHB Glen Bockhorn
|
0-0: Ball 1-0: Called Strike 1-1: Ball 2-1: Ground out 5-3 (Groundball, 56S, EV 85.6 MPH) Joseph Scherger scores
|
|
Batting: RHB Sergio Loya
|
0-0: Ball 1-0: Called Strike 1-1: Called Strike 1-2: Ground out 4-3 (Groundball, 4S, EV 86.3 MPH)
|
| Bottom of the 5th over - 1 run, 1 hit, 0 errors, 0 left on base; Peninsula 3 - Rocky Mount 6 |
| TOP OF THE 6TH |
|
Peninsula Panthers batting - Pitching for Rocky Mount Leafs : RHP Jon Perlman
|
|
Batting: SHB Steven Malito
|
0-0: Ground out 4-3 (Groundball, 4, EV 85.6 MPH)
|
|
Batting: RHB Dan Cox
|
0-0: Foul Ball, location: 2F 0-1: Ball 1-1: Fly out, F5 (Popup, 5L, EV 65.0 MPH)
|
|
Batting: RHB Lawrence McGee
|
0-0: Fly out, F7 (Line Drive, 7, EV 95.0 MPH)
|
| Top of the 6th over - 0 runs, 0 hits, 0 errors, 0 left on base; Peninsula 3 - Rocky Mount 6 |
| BOTTOM OF THE 6TH |
|
Rocky Mount Leafs batting - Pitching for Peninsula Panthers : RHP Jed Murray
|
|
Pitching: RHP Guy Jones
|
|
|
Batting: RHB Ricardo Villasenor
|
0-0: Called Strike 0-1: Called Strike 0-2: Ball 1-2: Fly out, F9 (Flyball, 9LM, EV 88.8 MPH)
|
|
Batting: RHB Todd Cruz
|
0-0: Fly out, F9 (Flyball, 9LS, EV 87.5 MPH)
|
|
Batting: RHB Emmanuel Sanchez
|
0-0: Ground out 4-3 (Groundball, 4, EV 96.3 MPH)
|
| Bottom of the 6th over - 0 runs, 0 hits, 0 errors, 0 left on base; Peninsula 3 - Rocky Mount 6 |
| TOP OF THE 7TH |
|
Peninsula Panthers batting - Pitching for Rocky Mount Leafs : RHP Jon Perlman
|
|
Batting: RHB Franklin McKinney
|
0-0: Ball 1-0: Fly out, F7 (Line Drive, 7, EV 103.1 MPH)
|
|
Batting: RHB David Stevens
|
0-0: Called Strike 0-1: Ball 1-1: Called Strike 1-2: Foul Ball, location: 2F 1-2: Ball 2-2: Fly out, F9 (Flyball, 9LM, EV 110.0 MPH)
|
|
Batting: SHB Vince Coleman
|
0-0: Foul Ball, location: 2F 0-1: Called Strike 0-2: SINGLE (Line Drive, 6M, EV 98.1 MPH)
|
|
Batting: SHB Romel Beck
|
0-0: Foul Ball, location: 2F 0-1: Ball Pickoff Throw to First - Error! E1 Vince Coleman to second 1-1: Ground out 5-3 (Groundball, 56, EV 84.4 MPH)
|
| Top of the 7th over - 0 runs, 1 hit, 1 error, 1 left on base; Peninsula 3 - Rocky Mount 6 |
| BOTTOM OF THE 7TH |
|
Rocky Mount Leafs batting - Pitching for Peninsula Panthers : RHP Guy Jones
|
|
Batting: LHB Oscar Ramirez
|
0-0: Swinging Strike 0-1: Ball 1-1: Called Strike 1-2: Foul Ball, location: 2F 1-2: Foul Ball, location: 2F 1-2: Ball 2-2: Reached on error, E1 (Groundball, 15S, EV 66.9 MPH)
|
|
Batting: RHB Alex Sanchez
|
0-0: Called Strike 0-1: Ball 1-1: Ball 2-1: Swinging Strike 2-2: Ball 3-2: Base on Balls
|
|
Batting: LHB Larry Ray
|
0-0: Swinging Strike Balk! Oscar Ramirez to third Alex Sanchez to second 0-1: Called Strike 0-2: Foul Ball, location: 2F 0-2: Ball 1-2: Foul Ball, location: 2F 1-2: Strikes out looking
|
|
Batting: RHB Joseph Scherger
|
0-0: Intentional Walk
|
|
Batting: RHB Glen Bockhorn
|
0-0: Called Strike 0-1: Swinging Strike 0-2: Strikes out swinging
|
|
Batting: RHB Sergio Loya
|
0-0: Called Strike 0-1: Foul Ball, location: 2F 0-2: Ball 1-2: Ground out 4-3 (Groundball, 4, EV 80.0 MPH)
|
| Bottom of the 7th over - 0 runs, 0 hits, 1 error, 3 left on base; Peninsula 3 - Rocky Mount 6 |
| TOP OF THE 8TH |
|
Peninsula Panthers batting - Pitching for Rocky Mount Leafs : RHP Jon Perlman
|
|
Batting: RHB David Stokes
|
0-0: Ground out 4-3 (Groundball, 4S, EV 87.5 MPH)
|
|
Batting: LHB Ted French
|
0-0: Ball 1-0: Swinging Strike 1-1: Foul Ball, location: 2F 1-2: Strikes out looking
|
|
Batting: SHB Steven Malito
|
0-0: Called Strike 0-1: Ball 1-1: Swinging Strike 1-2: Strikes out swinging
|
| Top of the 8th over - 0 runs, 0 hits, 0 errors, 0 left on base; Peninsula 3 - Rocky Mount 6 |
| BOTTOM OF THE 8TH |
|
Rocky Mount Leafs batting - Pitching for Peninsula Panthers : RHP Guy Jones
|
|
Batting: RHB Ricardo Villasenor
|
0-0: Ball 1-0: DOUBLE (Line Drive, 9LM, EV 96.9 MPH)
|
|
Batting: RHB Todd Cruz
|
0-0: Called Strike 0-1: DOUBLE (Flyball, 8LD, EV 88.8 MPH) Ricardo Villasenor scores
|
|
Batting: RHB Emmanuel Sanchez
|
0-0: Called Strike 0-1: Foul Ball, location: 2F 0-2: Ball 1-2: Foul Ball, location: 2F 1-2: Ball 2-2: Strikes out swinging
|
|
Batting: LHB Oscar Ramirez
|
0-0: Ball 1-0: SINGLE (Groundball, 6MS, EV 85.0 MPH) (infield hit) Todd Cruz to third
|
|
Batting: RHB Alex Sanchez
|
0-0: Foul Ball, location: 2F 0-1: Fielders Choice at 2nd, 6-4 (Groundball, 56, EV 104.4 MPH) Todd Cruz scores
|
|
Batting: LHB Larry Ray
|
0-0: Called Strike 0-1: Foul Ball, location: 2F 0-2: DOUBLE (Flyball, 8RXD, EV 94.4 MPH) Alex Sanchez to third Runner from 3rd tries for Home, SAFE, no throw by CF
|
|
Batting: RHB Joseph Scherger
|
0-0: Called Strike 0-1: 2-RUN HOME RUN (Flyball, 89XD, EV 101.9 MPH), Distance : 383 ft
|
|
Pinch Hitting: RHB Nario Campione
|
0-0: Ball 1-0: Called Strike 1-1: Ball 2-1: Foul Ball, location: 2F 2-2: Ball 3-2: Base on Balls
|
|
Batting: RHB Sergio Loya
|
0-0: Ball 1-0: Ball 2-0: Called Strike 2-1: Ball 3-1: Base on Balls Nario Campione to second
|
|
Pitching: RHP Bill Aguilar
|
|
|
Batting: RHB Ricardo Villasenor
|
0-0: Ball 1-0: Foul Ball, location: 2F 1-1: Ball 2-1: Foul Ball, location: 2F 2-2: Foul Ball, location: 2F 2-2: Fly out, F7 (Flyball, 7S, EV 91.3 MPH)
|
| Bottom of the 8th over - 5 runs, 5 hits, 0 errors, 2 left on base; Peninsula 3 - Rocky Mount 11 |
| TOP OF THE 9TH |
|
Peninsula Panthers batting - Pitching for Rocky Mount Leafs : RHP Jon Perlman
|
|
Now at 1B: James Camacho
|
|
|
Batting: RHB Dan Cox
|
0-0: Ball 1-0: SINGLE (Groundball, 34S, EV 71.9 MPH) (infield hit)
|
|
Batting: RHB Lawrence McGee
|
0-0: Called Strike 0-1: Ball 1-1: Swinging Strike 1-2: Ball 2-2: Foul Ball, location: 2F 2-2: Fly out, F7 (Line Drive, 7, EV 101.3 MPH)
|
|
Batting: RHB Franklin McKinney
|
0-0: Fielders Choice at 2nd, 6-4 (Groundball, 6D, EV 107.5 MPH)
|
|
Batting: RHB David Stevens
|
0-0: Called Strike 0-1: Foul Ball, location: 2F 0-2: Ball 1-2: Strikes out swinging
|
| Top of the 9th over - 0 runs, 1 hit, 0 errors, 1 left on base; Peninsula 3 - Rocky Mount 11 |
|